 Dungeon Crawl Stone Soup version 0.32-a0-818-gb728d0252e (webtiles) character file.

Game seed: 2089013639878622623

193 Alarak the Spear-Bearer (level 5, -4/38 HPs)
             Began as a Merfolk Gladiator on Mar 25, 2024.
             Was a Follower of Lugonu.
             Slain by Blork the orc
             ... wielding a +2 heavy mace
              (12 damage)
             ... on level 4 of the Dungeon.
             The game lasted 00:04:00 (2520 turns).

Alarak the Spear-Bearer (Merfolk Gladiator)         Turns: 2520, Time: 00:04:01

Health: -4/38      AC: 10    Str: 16    XL:     5   Next: 72%
Magic:  5/5        EV: 11    Int:  8    God:    Lugonu [*.....]
Gold:   268        SH:  0    Dex: 15    Spells: 4/4 levels left

rFire   . . .        a - +0 trident
rCold   . . .        (no shield)
rNeg    . . .        g - +0 ring mail
rPois   .            c - +1 helmet
rElec   .            (no cloak)
rCorr   .            (no gloves)
SInv    .            l - +2 pair of boots
Will    .....        (no amulet)
Stlth   +            b - ring of wizardry
HPRegen 0.26/turn    (no ring)
MPRegen 0.09/turn

%: wizardry (x1)
@: no status effects
A: (nimble swimmer 2), mertail
a: Renounce Religion, Depart the Abyss


You were on level 4 of the Dungeon.
You worshipped Lugonu.
Lugonu was aware of your devotion.
You visited 1 branch of the dungeon, and saw 4 of its levels.

You collected 268 gold pieces.

Inventory:

Hand Weapons
 a - a +0 trident (weapon)
Missiles
 d - 3 throwing nets
 e - a javelin
 k - 8 poisoned darts (quivered)
Armour
 c - a +1 helmet (worn)
 g - a +0 ring mail (worn)
 l - a +2 pair of boots (worn)
Jewellery
 b - a ring of wizardry (left hand)
Potions
 f - a potion of brilliance {unknown}
 h - a potion of attraction {unknown}
 i - 2 potions of berserk rage
 j - a potion of ambrosia {unknown}
 m - a potion of heal wounds {unknown}
 p - 3 potions of mutation {unknown}
 r - a potion of magic {unknown}


   Skills:
 - Level 2.1 Fighting
 + Level 8.2 Polearms
 - Level 2.0 Throwing
 - Level 4.0 Dodging


You had 4 spell levels left.
You didn't know any spells.
Your spell library contained the following spells:

 Spells                   Type           Power      Damage    Failure   Level
 Freeze                   Ice            0%         1d3       32%         1


Dungeon Overview and Level Annotations

Branches:
Dungeon (4/15)
 Temple: D:4-7

Altars:
Fedhas
Lugonu

Shops:
D:3 (

Annotations:
D:4 Blork the orc


Innate Abilities, Weirdness & Mutations

((You are very nimble when in or above water. (Stealth+, EV+, Speed+++)))
Your lower body shifts to a powerful aquatic tail in water.


Message History

You are too injured to fight recklessly!
You are too injured to fight recklessly!
You are too injured to fight recklessly!
You are too injured to fight recklessly!
You are too injured to fight recklessly!
You are too injured to fight recklessly!
You are too injured to fight recklessly!
You are too injured to fight recklessly!
You are too injured to fight recklessly!
You are too injured to fight recklessly!
You are too injured to fight recklessly!
You are too injured to fight recklessly!
You are too injured to fight recklessly!
You are too injured to fight recklessly!
You are too injured to fight recklessly!
You are too injured to fight recklessly!
You are too injured to fight recklessly!
You are too injured to fight recklessly!
You closely miss Blork the orc.
Blork the orc is severely wounded.
You barely miss Blork the orc.
Blork the orc is severely wounded.
Blork the orc closely misses you.
You closely miss Blork the orc.
Blork the orc is severely wounded.
Blork the orc hits you with a +2 heavy mace!
* * * LOW HITPOINT WARNING * * *
You closely miss Blork the orc.
Blork the orc is severely wounded.
You hit Blork the orc.
Blork the orc is severely wounded.
Blork the orc screams, "What are you staring at, Alarak?
I'm stylish!"
Blork the orc barely misses you.
You closely miss Blork the orc.
Blork the orc is severely wounded.
You puncture Blork the orc!
Blork the orc is almost dead.
Blork the orc hits you with a +2 heavy mace!
You die...
Blork the orc shouts, "I believe in me!"

#
###..######
.......@..#
.......o†>#
.......†..#
..........#
...........
..........##
...........
.......[...#


You could see Blork the orc.

Vanquished Creatures
  A hound (D:4)
  2 orc wizards (D:3)
  4 adders (D:3)
  3 dart slugs
  4 orcs (D:3)
  8 ball pythons
  5 endoplasms
  4 giant cockroaches
  3 goblins
  3 hobgoblins
  11 jackals
  2 quokkas
  4 bats (D:1)
  3 frilled lizards (D:1)
  6 kobolds
  5 rats
68 creatures vanquished.

Notes
Turn   | Place    | Note
-------+----------+-------------------------------------------
     0 | D:1      | Alarak the Merfolk Gladiator began the quest for the Orb.
     0 | D:1      | Reached XP level 1. HP: 16/16 MP: 1/1
   136 | D:1      | Reached XP level 2. HP: 22/22 MP: 2/2
   236 | D:1      | Reached skill level 5 in Polearms
   384 | D:1      | Reached XP level 3. HP: 27/27 MP: 3/3
  1031 | D:2      | Found a blossoming altar of Fedhas.
  1037 | D:2      | Reached skill level 6 in Polearms
  1177 | D:2      | Found a faded altar of an unknown god.
  1185 | D:2      | Got Plato's Grimoire of Firn
  1200 | D:2      | Prayed at the altar of an unknown god.
  1200 | D:2      | Became a worshipper of Lugonu the Unformed
  1200 | D:2      | Reached * piety under Lugonu
  1711 | D:3      | Reached XP level 4. HP: 32/33 MP: 4/4
  1766 | D:3      | Reached skill level 7 in Polearms
  1923 | D:3      | Reached XP level 5. HP: 36/38 MP: 5/5
  2129 | D:3      | Found Ikeclial's Antique Weapon Shop.
  2498 | D:4      | Noticed Blork the orc
  2500 | D:4      | Reached skill level 8 in Polearms
  2520 | D:4      | Slain by Blork the orc

Illustrated notes

Levels and vault maps discovered:
D:1:      nagdon_arrival_zigzag_paths, layout_basic
D:2:      layout_loops_cross, shapermc_ecumenical_altar_rom_forum, basic_altar
D:3:      layout_loops_ring, serial_shops, nicolae_shop_waterfront
D:4:      layout_rooms, makhleb_altar_promises_db, uniq_blork_the_orc

Skill      XL: |  1  2  3  4  5 |
---------------+----------------+-----
Polearms       | 5 6 7 8 |  8.2
Fighting       | |  2.1
Throwing       | |  2.0
Dodging        | |  4.0

Action                     |  1- 3 |  4- 6 || total
---------------------------+-------+-------++-------
  Melee: Trident           |   142 |   105 ||   247
    Use: Scroll            |     2 |     4 ||     6
   Stab: Sleeping          |     1 |       ||     1
 Armour: Leather armour    |     7 |       ||     7
         Ring mail         |    63 |    60 ||   123
  Dodge: Dodged            |    68 |    31 ||    99

Table legend: (Time is in decaauts)
 A = Elapsed time spent in this place.
 B = Non-inter-level travel time spent in this place.
 C = Inter-level travel time spent in this place.
 D = Time resting spent in this place.
 E = Time spent auto-exploring this place.
 F = Levels seen in this place.
 G = Mean time per level.
                   A        B        C        D        E       F      G
               +--------+--------+--------+--------+--------+-----+--------+
         Total |   2514 |   2402 |    112 |    111 |   1856 |   4 |  628.5 |
       Dungeon |   2514 |   2402 |    112 |    111 |   1856 |   4 |  628.5 |
               +--------+--------+--------+--------+--------+-----+--------+

Top non-repeatable levels by time:
     D:1: 1035 daAuts
     D:3: 842 daAuts
     D:2: 605 daAuts
     D:4: 31 daAuts
